 Dungeon Crawl Stone Soup version 0.30-a0-726-gd89dcf765f (webtiles) character file.

Game seed: 10169461051212621242

214 drugrobin the Insei (level 5, 0/42 HPs)
             Began as a Demigod Delver on Jan 29, 2023.
             Succumbed to a scorpion's poison
             ... on level 3 of the Dungeon.
             The game lasted 00:03:58 (693 turns).

drugrobin the Insei (Demigod Delver)                 Turns: 693, Time: 00:03:58

Health: 0/42       AC:  6    Str: 13    XL:     5   Next: 33%
Magic:  7/7        EV: 12    Int: 18    God:
Gold:   4          SH:  0    Dex: 19    Spells: 4/4 levels left

rFire   + + .      SeeInvis .      - Unarmed
rCold   + . .      Faith    .    (no shield)
rNeg    . . .      Spirit   .    j - +3 leather armour {rF+}
rPois   +          Reflect  .    (no helmet)
rElec   +          Harm     .    (no cloak)
rCorr   +          Rampage  .    (no gloves)
Will    .....                    (no boots)
Stlth   +++                      (no amulet)
HPRegen 0.27/turn                a - +6 ring of intelligence
MPRegen 0.10/turn                (no ring)

@: lethally poisoned (0 -> -2), resistant
A: high MP 1, forlorn, divine attributes
a: no special abilities


You were on level 3 of the Dungeon.
You visited 1 branch of the dungeon, and saw 3 of its levels.

You collected 4 gold pieces.

Inventory:

Hand Weapons
 e - a +0 hand axe
Armour
 j - a +3 leather armour of fire resistance (worn)
Jewellery
 a - a +6 ring of intelligence (left hand)
Wands
 f - a wand of digging (3)
 g - a wand of mindburst (4)
Scrolls
 b - a scroll of fog


   Skills:
 - Level 2.6 Fighting
 - Level 1.7 Dodging
 - Level 4.5 Stealth
 + Level 5.4 Unarmed Combat


You had 4 spell levels left.
You didn't know any spells.
Your spell library was empty.

Dungeon Overview and Level Annotations

Branches:
Dungeon (5/15)             Temple (0/1) D:4

Annotations:
D:4 Dowan, Duvessa


Innate Abilities, Weirdness & Mutations

You have an increased reservoir of magic. (+10% MP)
You shall have no god before yourself.
Your divine heritage dramatically boosts your attributes as you level up.


Message History

The scorpion is heavily wounded.
You feel sick. The scorpion stings you.
* * * LOW HITPOINT WARNING * * *
You are lethally poisoned!
The scorpion poisons you! The scorpion closely misses you.
Unknown command.
It was a potion of resistance.
You feel protected.
* * * LOW HITPOINT WARNING * * *
You feel very sick. The scorpion barely misses you.
Unknown command.
Unknown command.
Blink to where?
Press: ? - help, Dir - move target, p - scorpion
As you read the scroll labelled RAQUET TERUE, it crumbles to dust.
It was a scroll of blinking.
* * * LOW HITPOINT WARNING * * *
You feel very sick.
Unknown command.
Unknown command.
As you read the scroll of magic mapping, it crumbles to dust.
You feel aware of your surroundings.
* * * LOW HITPOINT WARNING * * *
You feel sick.
You aren't carrying any potions.
Okay, then.
As you read the scroll of fear, it crumbles to dust.
You assume a fearsome visage.
The scorpion looks frightened!
The orc looks frightened!
* * * LOW HITPOINT WARNING * * *
You feel sick.
* * * LOW HITPOINT WARNING * * *
You feel sick.
Found a stone staircase leading up.
* * * LOW HITPOINT WARNING * * *
You feel sick.
* * * LOW HITPOINT WARNING * * *
You feel sick.
You die...

.........# #**,* *,* *#.......#
#.,,* **********
*,**##..#####.#### *,,*8***8*
*,*,#>..o(.......## *,,,,,,,,,
*,*,#...###.......#####..,,,,,,,
*,#...........##.........,******
**,#.#.......#.###.......#,* *
,,,#.#########.........###,* *
,,,#,,,,*....<..@#####.# *,******
,,,,,,,,*.######.# *.# *,,,,,,,
,*,******,* #(#****,# ********
,*,,,* *,* #..,,,,,* *
,*,*,****,*****###****** *
,*,*,,,,,,,,,,,,,,,,,>,* *
,*,******,************,**********
,*,,,,,,,,* *,,,,,,,,,,,
,*,,,,,,****** ************


There were no monsters in sight!

Vanquished Creatures
  Eustachio (D:4)
  A hound (D:4)
  An iguana (D:4)
  An adder (D:5)
  A worm (D:4)
  An orc (D:4)
  A hobgoblin (D:4)
7 creatures vanquished.

Vanquished Creatures (others)
  3 plants (D:4)
3 creatures vanquished.

Grand Total: 10 creatures vanquished

Notes
Turn   | Place    | Note
-------+----------+-------------------------------------------
     0 | D:5      | drugrobin the Demigod Delver began the quest for the Orb.
     0 | D:5      | Reached XP level 1. HP: 18/18 MP: 3/3
   101 | D:5      | Reached skill level 2 in Unarmed Combat
   184 | D:4      | Reached XP level 2. HP: 25/25 MP: 4/4
   323 | D:4      | Noticed Duvessa
   323 | D:4      | Noticed Dowan
   334 | D:4      | Found a staircase to the Ecumenical Temple.
   352 | D:4      | Noticed Eustachio
   382 | D:4      | Killed Eustachio
   383 | D:4      | Reached skill level 4 in Unarmed Combat
   383 | D:4      | Reached XP level 3. HP: 12/30 MP: 5/5
   383 | D:4      | Reached XP level 4. HP: 15/37 MP: 6/6
   496 | D:4      | Reached skill level 5 in Unarmed Combat
   496 | D:4      | Reached XP level 5. HP: 42/42 MP: 7/7
   690 | D:3      | HP: 2/42 [poisoned by a scorpion]
   693 | D:3      | Succumbed to a scorpion's poison

Illustrated notes

Levels and vault maps discovered:
D:3:      layout_basic, serial_corexii_hall, chequers_hall_statues_corner_a,
          chequers_hall_statues_wall_a
D:4:      layout_gridville, makhleb_heckhound_becter,
          minmay_temple_entry_statues_pillars, gammafunk_ghost_cemetery,
          serial_bayou_ford_a, kennysheep_generic_room_13, uniq_duvessa,
          uniq_sigmund, uniq_ijyb, uniq_eustachio
D:5:      layout_basic, nicolae_overflow_crystal_walls, dancing_weapons_uskayaw,
          kennysheep_mini, chequers_temple_overflow_minitemple, serial_shops,
          shop

Skill      XL: |  1  2  3  4 |
---------------+-------------+-----
Unarmed Combat | 2 4 5 |  5.4
Fighting       | |  2.6
Dodging        | |  1.7
Stealth        | |  4.5

Action                     |  1- 3 |  4- 6 || total
---------------------------+-------+-------++-------
  Melee: Unarmed           |    19 |    22 ||    41
         Punch             |     1 |     1 ||     2
  Throw: Dart              |       |     4 ||     4
  Evoke: Wand              |     6 |       ||     6
    Use: Potion            |     1 |     1 ||     2
         Scroll            |       |     3 ||     3
   Stab: Sleeping          |       |     1 ||     1
 Armour: Leather armour    |     4 |     7 ||    11
  Dodge: Dodged            |    11 |    21 ||    32

Table legend: (Time is in decaauts)
 A = Elapsed time spent in this place.
 B = Non-inter-level travel time spent in this place.
 C = Inter-level travel time spent in this place.
 D = Time resting spent in this place.
 E = Time spent auto-exploring this place.
 F = Levels seen in this place.
 G = Mean time per level.
                   A        B        C        D        E       F      G
               +--------+--------+--------+--------+--------+-----+--------+
         Total |    669 |    669 |      0 |     65 |    184 |   3 |  223.0 |
       Dungeon |    669 |    669 |      0 |     65 |    184 |   3 |  223.0 |
               +--------+--------+--------+--------+--------+-----+--------+

Top non-repeatable levels by time:
     D:4: 523 daAuts
     D:5: 127 daAuts
     D:3: 17 daAuts
